 Dungeon Crawl Stone Soup version 0.21.0-3-g78d12a8 (webtiles) character file.

496 Ignatius881 the Conjurer (level 6, -1/32 HPs)
             Began as a Deep Elf Venom Mage on Jan 9, 2018.
             Slain by a centaur skeleton (3 damage)
             ... on level 4 of the Dungeon.
             The game lasted 00:13:58 (4494 turns).

Ignatius881 the Conjurer (Deep Elf Venom Mage)      Turns: 4494, Time: 00:13:59

Health: -1/32      AC:  2    Str:  5    XL:     6   Next: 93%
Magic:  15/15      EV: 13    Int: 22    God:
Gold:   277        SH:  0    Dex: 15    Spells: 5/15 levels left

rFire    . . .     SeeInvis .   r - +0 dagger (venom)
rCold    . . .     Gourm    .   (no shield)
rNeg     . . .     Faith    .   a - +0 robe
rPois    .         Spirit   .   (no helmet)
rElec    .         Reflect  .   (no cloak)
rCorr    .         Harm     .   (no gloves)
MR       .....                  (no boots)
Stlth    ++........             (no amulet)
HPRegen  0.10/turn              (no ring)
MPRegen  0.14/turn              (no ring)

@: no status effects
A: no striking features
a: no special abilities


You were on level 4 of the Dungeon.
You were not hungry.

You visited 1 branch of the dungeon, and saw 4 of its levels.

You collected 277 gold pieces.

Inventory:

Hand Weapons
 q - a +0 dagger
   (You took it off a goblin on level 3 of the Dungeon)
 r - a +0 dagger of venom (weapon)
   (You took it off an orc wizard on level 3 of the Dungeon)
Missiles
 i - 95 stones (quivered)
Armour
 a - a +0 robe (worn)
 n - a +0 shield
   (You found it on level 2 of the Dungeon)
Jewellery
 p - an uncursed ring of poison resistance {unknown}
   (You took it off an orc on level 3 of the Dungeon)
 s - an uncursed ring of ice {unknown}
   (You took it off an orc on level 3 of the Dungeon)
Wands
 v - a wand of polymorph (14)
   (You found it on level 3 of the Dungeon)
Scrolls
 c - 2 scrolls of enchant armour {unknown}
 f - a scroll of teleportation {unknown}
 j - 2 scrolls of fear {unknown}
 k - a scroll of identify {unknown}
 l - 2 scrolls of amnesia {unknown}
 o - a scroll of remove curse {unknown}
 x - a scroll of enchant weapon {unknown}
Potions
 d - 3 potions of curing {unknown}
 g - 2 potions of might {unknown}
 h - 2 potions of heal wounds {unknown}
 m - a potion of lignification {unknown}
 t - a potion of magic {unknown}
 u - 2 potions of berserk rage {unknown}
 w - a potion of cancellation {unknown}
Books
 b - a Young Poisoner's Handbook
Comestibles
 e - 5 rations
 z - a chunk of flesh


   Skills:
 - Level 2.4 Dodging
 - Level 2.4 Stealth
 + Level 5.1 Spellcasting
 * Level 5.2 Conjurations
 + Level 2.7 Air Magic
 + Level 4.9 Poison Magic


You had 5 spell levels left.
You knew the following spells:

 Your Spells              Type           Power        Failure   Level  Hunger
a - Sting                 Conj/Pois      ####         1%          1    None
b - Poisonous Vapours     Pois/Air       ###...       3%          2    None
c - Mephitic Cloud        Conj/Pois/Air  ###.....     4%          3    ##.....
d - Olgreb's Toxic Radia  Pois           ####....     13%         4    ####...


Dungeon Overview and Level Annotations

Branches:
Dungeon (4/15)
 Temple: D:4-7

Altars:
Trog


Message History

The sting hits the orc.
The orc is poisoned.
You kill the orc!
The orc barely misses you.
Aim: an orc, wielding a club The sting hits the orc.
The orc is poisoned.
The orc barely misses you.
Aim: an orc, wielding a club (moderately wounded, poisoned)
The sting hits the orc.
The orc looks even sicker.
You kill the orc!
You start resting.
Eating a chunk of flesh.
You eat the chunk of flesh.
You start resting.
Things that are here:
a club; an orc corpse You butcher the orc corpse.
z - a chunk of flesh You see here a club. x2
Things that are here:
a trident; a chain mail Done exploring.
There is a stone staircase leading down here.
You climb downwards.
A centaur skeleton comes into view.
There is a stone staircase leading up here.
You can't see any susceptible monsters within range! (Use Z to cast anyway.)
You can't see any susceptible monsters within range! (Use Z to cast anyway.)
Aim: a centaur skeleton (hasn't noticed you) But poisonous vapours would do no harm to the centaur skeleton!
The centaur skeleton hits you. The centaur skeleton hits you.
You hit the centaur skeleton. The centaur skeleton hits you.
You hit the centaur skeleton. The centaur skeleton barely misses you.
The centaur skeleton hits you!
* * * LOW HITPOINT WARNING * * *
You hit the centaur skeleton. The centaur skeleton hits you.
* * * LOW HITPOINT WARNING * * *
You hit the centaur skeleton. The centaur skeleton barely misses you.
You hit the centaur skeleton but do no damage.
The centaur skeleton hits you.
* * * LOW HITPOINT WARNING * * *
The centaur skeleton hits you.
* * * LOW HITPOINT WARNING * * *
You hit the centaur skeleton but do no damage.
The centaur skeleton misses you.
You hit the centaur skeleton. The centaur skeleton hits you.
* * * LOW HITPOINT WARNING * * *
You hit the centaur skeleton. The centaur skeleton barely misses you.
The centaur skeleton hits you.
* * * LOW HITPOINT WARNING * * *
You hit the centaur skeleton. The centaur skeleton hits you.
You die...

#...############
#..............
#....$.[.......
#..........^...
#.............
#$.........#
#.....<....####
#........>....#
###.....@...###
....####Z##(#
#### #..# .#
...## .# .### ..
.. .. . ... ##
### ....##### .


You could see a centaur skeleton.

Vanquished Creatures
  A bullfrog (D:3)
  A howler monkey (D:4)
  4 orc priests
  4 orc wizards
  Terence (D:2)
  2 gnolls (D:1)
  3 adders
  An ooze (D:2)
  A dart slug (D:2)
  3 leopard geckos
  13 orcs
  A ball python (D:2)
  A giant cockroach (D:1)
  7 goblins
  10 hobgoblins
  5 jackals
  4 kobolds
  A quokka (D:2)
  6 bats
  4 frilled lizards (D:1)
  8 rats
81 creatures vanquished.

Notes
Turn   | Place    | Note
-------+----------+-------------------------------------------
     0 | D:1      | Ignatius881 the Deep Elf Venom Mage began the quest for the Orb.
     0 | D:1      | Reached XP level 1. HP: 10/10 MP: 6/6
   277 | D:1      | Reached XP level 2. HP: 15/15 MP: 1/8
   340 | D:1      | Learned a level 2 spell: Poisonous Vapours
   688 | D:1      | Reached XP level 3. HP: 19/19 MP: 6/10
   783 | D:1      | Learned a level 3 spell: Mephitic Cloud
  1715 | D:2      | Reached XP level 4. HP: 24/24 MP: 6/11
  1760 | D:2      | Learned a level 4 spell: Olgreb's Toxic Radiance
  1984 | D:2      | Noticed Terence
  2010 | D:2      | Reached skill level 1 in Air Magic
  2240 | D:2      | Killed Terence
  2639 | D:3      | Noticed a bullfrog
  2646 | D:3      | Killed a bullfrog
  2646 | D:3      | Reached XP level 5. HP: 12/28 MP: 0/13
  2965 | D:3      | Reached XP level 6. HP: 32/32 MP: 0/14
  3375 | D:3      | Found a bloodstained altar of Trog.
  4006 | D:4      | Reached skill level 5 in Spellcasting
  4006 | D:4      | Reached skill level 5 in Conjurations
  4494 | D:4      | Slain by a centaur skeleton

Skill      XL: |  1  2  3  4  5  6 |
---------------+-------------------+-----
Conjurations   | 2 3 4 5 |  5.2
Air Magic      | 1 2 |  2.7
Poison Magic   | 4 |  4.9
Spellcasting   | 4 5 |  5.1
Dodging        | |  2.4
Stealth        | |  2.4

Action                   |  1- 3 |  4- 6 || total
-------------------------+-------+-------++-------
Melee: Unarmed           |       |     2 ||     2
       Dagger            |       |    11 ||    11
 Cast: Sting             |    62 |   131 ||   193
       Poisonous Vapours |    10 |    19 ||    29
       Mephitic Cloud    |     1 |     2 ||     3
  Eat: Chunk             |     2 |     6 ||     8
       Ration            |     1 |       ||     1
Armor: Robe              |       |     5 ||     5
Dodge: Dodged            |     4 |    35 ||    39
